Connexion

TORONTO Maple Leafs vs NEW YORK Islanders

Created - 5 octobre 2023 at 05:47

Goals
1 2 3 T
TORONTO Maple Leafs 1 1 3 5
NEW YORK Islanders 0 0 1 1
Shots
1 2 3 T
TORONTO Maple Leafs 13 9 18 40
NEW YORK Islanders 11 9 9 29

GoalsPenalties
1st period
1. TORONTO Maple Leafs , Dominik Kahun 3 (Christopher Wagner 3, Brady Tkachuk 3) at 2:14
Brady Tkachuk (TOR) for Hooking (Minor) at 7:07
Mason Marchment (TOR) for Tripping (Minor) at 9:52
Travis Dermott (NYI) for Holding (Minor) at 15:55
Brady Tkachuk (TOR) for Interference (Minor) at 18:45
2nd period
2. TORONTO Maple Leafs , Derick Brassard 3 (Jordan Kyrou 12, Drew Doughty 5) at 5:26
Adam Pelech (NYI) for Hooking (Minor) at 2:59
Vincent Hinostroza (NYI) for Tripping (Minor) at 16:33
3rd period
3. TORONTO Maple Leafs , Mason Marchment 6 (Quinn Hughes 20, Jake Muzzin 10) at 6:45 (PP)
4. NEW YORK Islanders , Vincent Hinostroza 4 (Nikolai Knyzhov 3) at 8:13
5. TORONTO Maple Leafs , Jonathan Huberdeau 9 (Alex Debrincat 16, Sebastian Aho 10) at 8:35
6. TORONTO Maple Leafs , Jonathan Huberdeau 10 (Jordan Kyrou 13, Alex Debrincat 17) at 9:09
Alex Goligoski (TOR) for Interference (Minor) at 0:24
Adam Pelech (NYI) for Roughing (Minor) at 5:39
Mason Marchment (TOR) for Roughing (Minor) at 9:35
Ryan McDonagh (NYI) for High sticking (Minor) at 13:55
Goalie Stats
Carter Hart (TOR), 28 saves from 29 shots - (0,966), W, 9-7-2, 60:00 minutes
Linus Ullmark (NYI), 35 saves from 40 shots - (0,875), L, 9-10-1, 60:00 minutes
3 StarsOfficial
1 - Jonathan Huberdeau (TOR)
2 - Alex Debrincat (TOR)
3 - Jordan Kyrou (TOR)
Referees : Tom Kowal and Kyle Rehman
Linesman : Don Henderson and Scott Driscoll
Game Note
No Game Note
Finance
Level 1 -- Attendance: 6000 (100,00%) -- Ticket Income 762 000 $
Level 2 -- Attendance: 3234 (100,00%) -- Ticket Income 355 740 $
Level 3 -- Attendance: 1975 (98,75%) -- Ticket Income 98 750 $
Level 4 -- Attendance: 2576 (64,40%) -- Ticket Income 126 224 $
Luxury Box -- Attendance: 990 (99,00%) -- Ticket Income 252 450 $
Game was played at the Nassau Veterans' Memorial Coliseum.
Total Attendance: 14775 (91,01%)
Total Ticket Income: 1 595 164 $
Other Income: 319 033 $
Total Income: 1 914 197 $



Team Name Goals Shots Shots Attemp Shots Blocked PIM HIT PP PK FO%
TORONTO Maple Leafs 54067310201 / 5 (20%)055%
NEW YORK Islanders 129561010230 / 5 (0%)145%

TORONTO Maple Leafs
Player Name POS G A P +/- PIM HIT SHT SB MP PP MP PP SHT PK MP PK SHT FO% FOT
Alex DebrincatC/LW/RW0222025024:205:3427:5220% 0
Alex GoligoskiD0001230119:534:1302:4300% 0
Brady TkachukLW0111423114:060:0000:0000% 0
Brett GallantLW000000000:460:4600:0000% 0
Christopher WagnerC/RW0111000015:270:0001:19075% 16
Corey PerryRW0000003016:053:2810:000100% 1
Derick BrassardC/LW/RW101000203:240:0000:000100% 2
Dominik KahunC/LW/RW1011004014:080:0000:0000% 0
Drew DoughtyD0111032012:310:0000:0000% 0
Jack McbainC000000003:240:0000:00033% 9
Jacob MiddletonD0001002012:530:0000:2200% 0
Jake MuzzinD0111041027:134:4906:5000% 0
Jakub VranaLW/RW0000012019:284:4802:03033% 3
Jonathan HuberdeauC/LW2022004014:223:2820:0000% 0
Jordan KyrouC/RW0222014027:445:3407:52053% 43
Mason MarchmentC/LW1010425016:473:2840:44050% 18
Quinn HughesD0111002027:134:4926:5000% 0
Sebastian AhoD0111021120:164:1303:0500% 0
NEW YORK Islanders
Player Name POS G A P +/- PIM HIT SHT SB MP PP MP PP SHT PK MP PK SHT FO% FOT
Adam PelechD000-1421020:013:5002:0300% 0
Alexander RadulovRW000001206:430:0000:000100% 1
Anthony DuclairLW/RW000-2003021:105:2020:0000% 0
Brendan LeipsicC/LW000000117:590:0001:1600% 4
Brendan LemieuxLW000001006:430:0000:0000% 0
Calle RosenD000-1032221:363:5013:3600% 0
Ilya MikheyevRW000003106:400:0000:0000% 0
Jeff SkinnerC/LW000-2035025:355:2024:25058% 43
Josh BaileyC/LW/RW0000002011:110:0004:31027% 11
Kevin ShattenkirkD000-2021127:116:0515:3200% 0
Kyle PalmieriRW000-2023021:105:2010:00067% 3
Nicklas BackstromC000-1001020:424:3514:17032% 25
Nikolai KnyzhovD0110010211:190:0000:0000% 0
Patrik LaineLW/RW000-1020011:500:0000:0000% 0
Ryan McDonagh D000-2222225:546:0523:3600% 0
Sven BaertschiLW0000001111:154:3500:00033% 3
Travis DermottD0000210113:550:0003:1700% 0
Vincent HinostrozaC/RW101-1204019:594:3503:35050% 2



Play-by-Play

1st period


0:01 of 1st period - Jordan Kyrou wins face-off versus Jeff Skinner in neutral zone.
0:47 of 1st period - Shot by Alex Debrincat.
0:47 of 1st period - Shot Misses the Net.
1:46 of 1st period - Jeff Skinner is hit by Brady Tkachuk and loses puck.
2:14 of 1st period - Shot by Dominik Kahun.
2:14 of 1st period - Goal by Dominik Kahun - TORONTO Maple Leafs : 1 - NEW YORK Islanders : 0.
2:15 of 1st period - Derick Brassard wins face-off versus Nicklas Backstrom in neutral zone.
2:24 of 1st period - Shot by Jordan Kyrou.
2:24 of 1st period - Stopped by Linus Ullmark without a rebound.
2:25 of 1st period - Jordan Kyrou wins face-off versus Josh Bailey in NEW YORK Islanders zone.
2:53 of 1st period - Shot by Alex Debrincat.
2:53 of 1st period - Stopped by Linus Ullmark without a rebound.
2:54 of 1st period - Mason Marchment wins face-off versus Nicklas Backstrom in NEW YORK Islanders zone.
3:25 of 1st period - Shot by Jakub Vrana.
3:25 of 1st period - Stopped by Linus Ullmark without a rebound.
3:26 of 1st period - Alexander Radulov wins face-off versus Jack Mcbain in NEW YORK Islanders zone.
3:37 of 1st period - Shot by Alexander Radulov.
3:37 of 1st period - Stopped by Carter Hart with a rebound.
3:40 of 1st period - Icing by Jake Muzzin.
3:41 of 1st period - Jack Mcbain wins face-off versus Sven Baertschi in TORONTO Maple Leafs zone.
4:03 of 1st period - Icing by Ilya Mikheyev.
4:04 of 1st period - Christopher Wagner wins face-off versus Josh Bailey in NEW YORK Islanders zone.
4:15 of 1st period - Shot by Jacob Middleton.
4:15 of 1st period - Stopped by Linus Ullmark without a rebound.
4:16 of 1st period - Jordan Kyrou wins face-off versus Nicklas Backstrom in NEW YORK Islanders zone.
4:27 of 1st period - Jonathan Huberdeau is hit by Patrik Laine and loses puck.
5:25 of 1st period - Icing by Drew Doughty.
5:26 of 1st period - Josh Bailey wins face-off versus Christopher Wagner in TORONTO Maple Leafs zone.
5:41 of 1st period - Dominik Kahun is hit by Adam Pelech and loses puck.
5:44 of 1st period - Shot by Christopher Wagner.
5:44 of 1st period - Shot Misses the Net.
5:46 of 1st period - Shot by Dominik Kahun.
5:46 of 1st period - Shot Misses the Net.
5:48 of 1st period - Shot by Drew Doughty.
5:48 of 1st period - Stopped by Linus Ullmark with a rebound.
5:50 of 1st period - Shot by Brady Tkachuk.
5:50 of 1st period - Shot Misses the Net.
5:52 of 1st period - Shot by Drew Doughty.
5:52 of 1st period - Stopped by Linus Ullmark without a rebound.
5:53 of 1st period - Mason Marchment wins face-off versus Jeff Skinner in NEW YORK Islanders zone.
6:05 of 1st period - Off-side.
6:06 of 1st period - Christopher Wagner wins face-off versus Vincent Hinostroza in neutral zone.
6:22 of 1st period - Vincent Hinostroza is hit by Sebastian Aho and loses puck.
6:45 of 1st period - Shot by Patrik Laine.
6:45 of 1st period - Shot Misses the Net.
6:47 of 1st period - Shot by Ryan McDonagh .
6:47 of 1st period - Shot Misses the Net.
6:49 of 1st period - Shot by Ryan McDonagh .
6:49 of 1st period - Shot Blocked by Brady Tkachuk.
6:51 of 1st period - Shot by Nicklas Backstrom.
6:51 of 1st period - Shot Misses the Net.
7:05 of 1st period - Jeff Skinner is hit by Brady Tkachuk and loses puck.
7:07 of 1st period - Minor Penalty to Brady Tkachuk for Hooking.
7:08 of 1st period - Jordan Kyrou wins face-off versus Jeff Skinner in TORONTO Maple Leafs zone.
7:08 of 1st period - Jordan Kyrou is hit by Jeff Skinner.
7:20 of 1st period - Shot by Adam Pelech.
7:20 of 1st period - Shot Misses the Net.
7:22 of 1st period - Shot by Calle Rosen.
7:22 of 1st period - Shot Misses the Net.
7:24 of 1st period - Shot by Calle Rosen.
7:24 of 1st period - Stopped by Carter Hart without a rebound.
7:25 of 1st period - Kyle Palmieri wins face-off versus Jordan Kyrou in TORONTO Maple Leafs zone.
7:36 of 1st period - Shot by Jeff Skinner.
7:36 of 1st period - Shot Misses the Net.
7:38 of 1st period - Shot by Jeff Skinner.
7:38 of 1st period - Shot Misses the Net.
7:40 of 1st period - Shot by Adam Pelech.
7:40 of 1st period - Shot Misses the Net.
7:42 of 1st period - Shot by Anthony Duclair.
7:42 of 1st period - Stopped by Carter Hart without a rebound.
7:43 of 1st period - Sven Baertschi wins face-off versus Jordan Kyrou in TORONTO Maple Leafs zone.
9:25 of 1st period - Shot by Brady Tkachuk.
9:25 of 1st period - Stopped by Linus Ullmark without a rebound.
9:26 of 1st period - Mason Marchment wins face-off versus Josh Bailey in NEW YORK Islanders zone.
9:52 of 1st period - Minor Penalty to Mason Marchment for Tripping.
9:53 of 1st period - Jeff Skinner wins face-off versus Jordan Kyrou in TORONTO Maple Leafs zone.
10:08 of 1st period - Shot by Kevin Shattenkirk.
10:08 of 1st period - Shot Misses the Net.
10:10 of 1st period - Shot by Kevin Shattenkirk.
10:10 of 1st period - Shot Misses the Net.
10:12 of 1st period - Shot by Jeff Skinner.
10:12 of 1st period - Stopped by Carter Hart without a rebound.
10:13 of 1st period - Christopher Wagner wins face-off versus Nicklas Backstrom in TORONTO Maple Leafs zone.
11:25 of 1st period - Icing by Kevin Shattenkirk.
11:26 of 1st period - Jeff Skinner wins face-off versus Jordan Kyrou in NEW YORK Islanders zone.
11:39 of 1st period - Shot by Kyle Palmieri.
11:39 of 1st period - Stopped by Carter Hart with a rebound.
11:46 of 1st period - Icing by Jeff Skinner.
11:47 of 1st period - Jeff Skinner wins face-off versus Jakub Vrana in NEW YORK Islanders zone.
12:17 of 1st period - Shot by Brendan Lemieux.
12:17 of 1st period - Deflect By Alexander Radulov.
12:17 of 1st period - Stopped by Carter Hart without a rebound.
12:18 of 1st period - Derick Brassard wins face-off versus Nicklas Backstrom in TORONTO Maple Leafs zone.
12:46 of 1st period - Icing by Quinn Hughes.
12:47 of 1st period - Kyle Palmieri wins face-off versus Jack Mcbain in TORONTO Maple Leafs zone.
12:54 of 1st period - Shot by Jeff Skinner.
12:54 of 1st period - Stopped by Carter Hart without a rebound.
12:55 of 1st period - Jakub Vrana wins face-off versus Jeff Skinner in TORONTO Maple Leafs zone.
13:06 of 1st period - Off-side.
13:07 of 1st period - Jordan Kyrou wins face-off versus Nicklas Backstrom in neutral zone.
13:22 of 1st period - Quinn Hughes is hit by Patrik Laine and loses puck.
13:35 of 1st period - Shot by Calle Rosen.
13:35 of 1st period - Deflect By Vincent Hinostroza.
13:35 of 1st period - Shot Misses the Net.
13:37 of 1st period - Shot by Adam Pelech.
13:37 of 1st period - Stopped by Carter Hart without a rebound.
13:38 of 1st period - Jeff Skinner wins face-off versus Mason Marchment in TORONTO Maple Leafs zone.
13:38 of 1st period - Kyle Palmieri is hit by Alex Goligoski.
14:11 of 1st period - Icing by Alex Goligoski.
14:12 of 1st period - Mason Marchment wins face-off versus Nicklas Backstrom in TORONTO Maple Leafs zone.
15:29 of 1st period - Josh Bailey is hit by Alex Debrincat.
15:37 of 1st period - Shot by Sven Baertschi.
15:37 of 1st period - Stopped by Carter Hart without a rebound.
15:38 of 1st period - Jeff Skinner wins face-off versus Christopher Wagner in TORONTO Maple Leafs zone.
15:38 of 1st period - Anthony Duclair is hit by Drew Doughty and loses puck.
15:55 of 1st period - Minor Penalty to Travis Dermott for Holding.
15:56 of 1st period - Jordan Kyrou wins face-off versus Jeff Skinner in NEW YORK Islanders zone.
16:07 of 1st period - Shot by Alex Debrincat.
16:07 of 1st period - Deflect By Jordan Kyrou.
16:07 of 1st period - Shot Misses the Net.
16:09 of 1st period - Shot by Alex Debrincat.
16:09 of 1st period - Stopped by Linus Ullmark without a rebound.
16:10 of 1st period - Jeff Skinner wins face-off versus Jordan Kyrou in NEW YORK Islanders zone.
16:14 of 1st period - Calle Rosen is hit by Jake Muzzin and loses puck.
17:01 of 1st period - Shot by Sebastian Aho.
17:01 of 1st period - Shot Misses the Net.
17:24 of 1st period - Jonathan Huberdeau is hit by Calle Rosen.
18:16 of 1st period - Shot by Brendan Leipsic.
18:16 of 1st period - Stopped by Carter Hart without a rebound.
18:17 of 1st period - Jeff Skinner wins face-off versus Jack Mcbain in TORONTO Maple Leafs zone.
18:21 of 1st period - Anthony Duclair is hit by Jake Muzzin and loses puck.
18:34 of 1st period - Shot by Jake Muzzin.
18:34 of 1st period - Stopped by Linus Ullmark without a rebound.
18:35 of 1st period - Christopher Wagner wins face-off versus Josh Bailey in NEW YORK Islanders zone.
18:39 of 1st period - Dominik Kahun is hit by Nikolai Knyzhov and loses puck.
18:42 of 1st period - Shot by Brady Tkachuk.
18:42 of 1st period - Stopped by Linus Ullmark with a rebound.
18:45 of 1st period - Minor Penalty to Brady Tkachuk for Interference.
18:46 of 1st period - Nicklas Backstrom wins face-off versus Jordan Kyrou in TORONTO Maple Leafs zone.
19:03 of 1st period - Shot by Alex Debrincat.
19:03 of 1st period - Stopped by Linus Ullmark without a rebound.
19:04 of 1st period - Jordan Kyrou wins face-off versus Jeff Skinner in NEW YORK Islanders zone.
19:20 of 1st period - Icing by Adam Pelech.
19:21 of 1st period - Jordan Kyrou wins face-off versus Kyle Palmieri in NEW YORK Islanders zone.
19:26 of 1st period - Shot by Alex Debrincat.
19:26 of 1st period - Stopped by Linus Ullmark without a rebound.
19:27 of 1st period - Nicklas Backstrom wins face-off versus Jordan Kyrou in NEW YORK Islanders zone.
19:34 of 1st period - Shot by Sven Baertschi.
19:34 of 1st period - Shot Misses the Net.
19:38 of 1st period - Shot by Ryan McDonagh .
19:38 of 1st period - Stopped by Carter Hart without a rebound.
19:39 of 1st period - Jordan Kyrou wins face-off versus Jeff Skinner in TORONTO Maple Leafs zone.
Goals for this period are 1 for TORONTO Maple Leafs vs 0 for NEW YORK Islanders.
Shots for this period are 13 for TORONTO Maple Leafs vs 11 for NEW YORK Islanders.

2nd period


0:01 of 2nd period - Jeff Skinner wins face-off versus Jordan Kyrou in neutral zone.
0:03 of 2nd period - Off-side.
0:04 of 2nd period - Jeff Skinner wins face-off versus Jordan Kyrou in neutral zone.
0:44 of 2nd period - Icing by Anthony Duclair.
0:45 of 2nd period - Mason Marchment wins face-off versus Nicklas Backstrom in NEW YORK Islanders zone.
0:56 of 2nd period - Shot by Corey Perry.
0:56 of 2nd period - Stopped by Linus Ullmark without a rebound.
0:57 of 2nd period - Christopher Wagner wins face-off versus Sven Baertschi in NEW YORK Islanders zone.
1:20 of 2nd period - Shot by Sven Baertschi.
1:20 of 2nd period - Shot Misses the Net.
2:19 of 2nd period - Drew Doughty is hit by Kevin Shattenkirk and loses puck.
2:59 of 2nd period - Minor Penalty to Adam Pelech for Hooking.
3:00 of 2nd period - Jordan Kyrou wins face-off versus Jeff Skinner in NEW YORK Islanders zone.
4:05 of 2nd period - Josh Bailey is hit by Alex Debrincat.
4:28 of 2nd period - Icing by Alex Goligoski.
4:29 of 2nd period - Mason Marchment wins face-off versus Nicklas Backstrom in TORONTO Maple Leafs zone.
4:34 of 2nd period - Shot by Alex Goligoski.
4:34 of 2nd period - Deflect By Jonathan Huberdeau.
4:34 of 2nd period - Stopped by Linus Ullmark without a rebound.
4:35 of 2nd period - Jeff Skinner wins face-off versus Mason Marchment in NEW YORK Islanders zone.
4:35 of 2nd period - Jeff Skinner is hit by Mason Marchment.
5:04 of 2nd period - Shot by Jordan Kyrou.
5:04 of 2nd period - Deflect By Derick Brassard.
5:04 of 2nd period - Shot Blocked by Travis Dermott.
5:26 of 2nd period - Shot by Derick Brassard.
5:26 of 2nd period - Goal by Derick Brassard - TORONTO Maple Leafs : 2 - NEW YORK Islanders : 0.
5:27 of 2nd period - Christopher Wagner wins face-off versus Brendan Leipsic in neutral zone.
5:29 of 2nd period - Alex Goligoski is hit by Brendan Lemieux.
6:57 of 2nd period - Off-side.
6:58 of 2nd period - Jeff Skinner wins face-off versus Jordan Kyrou in neutral zone.
7:01 of 2nd period - Shot by Jeff Skinner.
7:01 of 2nd period - Stopped by Carter Hart without a rebound.
7:02 of 2nd period - Jordan Kyrou wins face-off versus Jeff Skinner in TORONTO Maple Leafs zone.
7:22 of 2nd period - Alex Debrincat is hit by Travis Dermott and loses puck.
8:00 of 2nd period - Icing by Nicklas Backstrom.
8:01 of 2nd period - Nicklas Backstrom wins face-off versus Mason Marchment in NEW YORK Islanders zone.
8:26 of 2nd period - Jakub Vrana is hit by Kevin Shattenkirk and loses puck.
9:11 of 2nd period - Shot by Ilya Mikheyev.
9:11 of 2nd period - Stopped by Carter Hart with a rebound.
9:15 of 2nd period - Shot by Josh Bailey.
9:15 of 2nd period - Stopped by Carter Hart without a rebound.
9:16 of 2nd period - Jordan Kyrou wins face-off versus Jeff Skinner in TORONTO Maple Leafs zone.
9:22 of 2nd period - Icing by Travis Dermott.
9:23 of 2nd period - Jordan Kyrou wins face-off versus Jeff Skinner in NEW YORK Islanders zone.
9:26 of 2nd period - Shot by Alex Debrincat.
9:26 of 2nd period - Shot Blocked by Nikolai Knyzhov.
9:42 of 2nd period - Kyle Palmieri is hit by Alex Goligoski and loses puck.
9:50 of 2nd period - Jeff Skinner is hit by Alex Goligoski and loses puck.
10:03 of 2nd period - Shot by Kyle Palmieri.
10:03 of 2nd period - Stopped by Carter Hart without a rebound.
10:04 of 2nd period - Josh Bailey wins face-off versus Mason Marchment in TORONTO Maple Leafs zone.
10:29 of 2nd period - Shot by Corey Perry.
10:29 of 2nd period - Shot Blocked by Sven Baertschi.
10:34 of 2nd period - Off-side.
10:35 of 2nd period - Nicklas Backstrom wins face-off versus Christopher Wagner in neutral zone.
10:37 of 2nd period - Vincent Hinostroza is hit by Drew Doughty and loses puck.
10:40 of 2nd period - Shot by Adam Pelech.
10:40 of 2nd period - Shot Misses the Net.
10:52 of 2nd period - Shot by Vincent Hinostroza.
10:52 of 2nd period - Stopped by Carter Hart without a rebound.
10:53 of 2nd period - Jeff Skinner wins face-off versus Jordan Kyrou in TORONTO Maple Leafs zone.
10:56 of 2nd period - Shot by Anthony Duclair.
10:56 of 2nd period - Stopped by Carter Hart without a rebound.
10:57 of 2nd period - Jeff Skinner wins face-off versus Jordan Kyrou in TORONTO Maple Leafs zone.
11:10 of 2nd period - Shot by Jordan Kyrou.
11:10 of 2nd period - Stopped by Linus Ullmark without a rebound.
11:11 of 2nd period - Nicklas Backstrom wins face-off versus Mason Marchment in NEW YORK Islanders zone.
11:42 of 2nd period - Shot by Vincent Hinostroza.
11:42 of 2nd period - Stopped by Carter Hart without a rebound.
11:43 of 2nd period - Jeff Skinner wins face-off versus Jordan Kyrou in TORONTO Maple Leafs zone.
12:25 of 2nd period - Icing by Jeff Skinner.
12:26 of 2nd period - Mason Marchment wins face-off versus Jeff Skinner in NEW YORK Islanders zone.
12:26 of 2nd period - Jakub Vrana is hit by Ryan McDonagh .
12:58 of 2nd period - Shot by Mason Marchment.
12:58 of 2nd period - Stopped by Linus Ullmark without a rebound.
12:59 of 2nd period - Christopher Wagner wins face-off versus Nicklas Backstrom in NEW YORK Islanders zone.
14:01 of 2nd period - Christopher Wagner is hit by Ilya Mikheyev and loses puck.
15:37 of 2nd period - Off-side.
15:38 of 2nd period - Nicklas Backstrom wins face-off versus Jack Mcbain in neutral zone.
15:41 of 2nd period - Shot by Calle Rosen.
15:41 of 2nd period - Stopped by Carter Hart with a rebound.
15:45 of 2nd period - Shot by Vincent Hinostroza.
15:45 of 2nd period - Stopped by Carter Hart without a rebound.
15:46 of 2nd period - Nicklas Backstrom wins face-off versus Christopher Wagner in TORONTO Maple Leafs zone.
16:01 of 2nd period - Dominik Kahun is hit by Calle Rosen and loses puck.
16:33 of 2nd period - Minor Penalty to Vincent Hinostroza for Tripping.
16:34 of 2nd period - Jeff Skinner wins face-off versus Jordan Kyrou in NEW YORK Islanders zone.
16:53 of 2nd period - Ryan McDonagh is hit by Jakub Vrana and loses puck.
18:03 of 2nd period - Shot by Quinn Hughes.
18:03 of 2nd period - Stopped by Linus Ullmark with a rebound.
18:09 of 2nd period - Shot by Mason Marchment.
18:09 of 2nd period - Stopped by Linus Ullmark with a rebound.
18:11 of 2nd period - Shot by Mason Marchment.
18:11 of 2nd period - Stopped by Linus Ullmark without a rebound.
18:12 of 2nd period - Jeff Skinner wins face-off versus Mason Marchment in NEW YORK Islanders zone.
18:32 of 2nd period - Shot by Quinn Hughes.
18:32 of 2nd period - Shot Misses the Net.
18:34 of 2nd period - Shot by Brady Tkachuk.
18:34 of 2nd period - Deflect By Christopher Wagner.
18:34 of 2nd period - Shot Blocked by Nikolai Knyzhov.
18:36 of 2nd period - Shot by Dominik Kahun.
18:36 of 2nd period - Stopped by Linus Ullmark without a rebound.
18:37 of 2nd period - Christopher Wagner wins face-off versus Brendan Leipsic in NEW YORK Islanders zone.
19:09 of 2nd period - Jacob Middleton is hit by Alexander Radulov.
19:50 of 2nd period - Shot by Kevin Shattenkirk.
19:50 of 2nd period - Deflect By Vincent Hinostroza.
19:50 of 2nd period - Shot Misses the Net.
Goals for this period are 1 for TORONTO Maple Leafs vs 0 for NEW YORK Islanders.
Shots for this period are 9 for TORONTO Maple Leafs vs 9 for NEW YORK Islanders.

3rd period


0:01 of 3rd period - Jordan Kyrou wins face-off versus Jeff Skinner in neutral zone.
0:10 of 3rd period - Shot by Jordan Kyrou.
0:10 of 3rd period - Shot Blocked by Kevin Shattenkirk.
0:13 of 3rd period - Icing by Jeff Skinner.
0:14 of 3rd period - Jeff Skinner wins face-off versus Mason Marchment in NEW YORK Islanders zone.
0:14 of 3rd period - Anthony Duclair is hit by Mason Marchment and loses puck.
0:23 of 3rd period - Shot by Jeff Skinner.
0:23 of 3rd period - Shot Misses the Net.
0:24 of 3rd period - Minor Penalty to Alex Goligoski for Interference.
0:25 of 3rd period - Jordan Kyrou wins face-off versus Nicklas Backstrom in TORONTO Maple Leafs zone.
0:36 of 3rd period - Shot by Adam Pelech.
0:36 of 3rd period - Shot Misses the Net.
0:38 of 3rd period - Shot by Nicklas Backstrom.
0:38 of 3rd period - Stopped by Carter Hart without a rebound.
0:39 of 3rd period - Jeff Skinner wins face-off versus Jordan Kyrou in TORONTO Maple Leafs zone.
0:46 of 3rd period - Shot by Ryan McDonagh .
0:46 of 3rd period - Stopped by Carter Hart without a rebound.
0:47 of 3rd period - Jordan Kyrou wins face-off versus Jeff Skinner in TORONTO Maple Leafs zone.
1:30 of 3rd period - Shot by Ryan McDonagh .
1:30 of 3rd period - Shot Misses the Net.
1:32 of 3rd period - Shot by Jeff Skinner.
1:32 of 3rd period - Shot Misses the Net.
2:06 of 3rd period - Shot by Calle Rosen.
2:06 of 3rd period - Shot Misses the Net.
2:36 of 3rd period - Brendan Leipsic is hit by Sebastian Aho and loses puck.
2:48 of 3rd period - Icing by Nikolai Knyzhov.
2:49 of 3rd period - Christopher Wagner wins face-off versus Brendan Leipsic in NEW YORK Islanders zone.
2:52 of 3rd period - Shot by Dominik Kahun.
2:52 of 3rd period - Stopped by Linus Ullmark with a rebound.
2:54 of 3rd period - Shot by Christopher Wagner.
2:54 of 3rd period - Deflect By Dominik Kahun.
2:54 of 3rd period - Shot Blocked by Brendan Leipsic.
2:56 of 3rd period - Shot by Jacob Middleton.
2:56 of 3rd period - Stopped by Linus Ullmark with a rebound.
4:15 of 3rd period - Shot by Corey Perry.
4:15 of 3rd period - Stopped by Linus Ullmark without a rebound.
4:16 of 3rd period - Jeff Skinner wins face-off versus Jack Mcbain in NEW YORK Islanders zone.
4:39 of 3rd period - Shot by Kyle Palmieri.
4:39 of 3rd period - Stopped by Carter Hart without a rebound.
4:40 of 3rd period - Christopher Wagner wins face-off versus Josh Bailey in TORONTO Maple Leafs zone.
4:49 of 3rd period - Shot by Josh Bailey.
4:49 of 3rd period - Stopped by Carter Hart without a rebound.
4:50 of 3rd period - Jeff Skinner wins face-off versus Mason Marchment in TORONTO Maple Leafs zone.
5:19 of 3rd period - Mason Marchment is hit by Jeff Skinner and loses puck.
5:25 of 3rd period - Icing by Jake Muzzin.
5:26 of 3rd period - Josh Bailey wins face-off versus Jakub Vrana in TORONTO Maple Leafs zone.
5:38 of 3rd period - Jakub Vrana is hit by Adam Pelech and loses puck.
5:39 of 3rd period - Minor Penalty to Adam Pelech for Roughing.
5:40 of 3rd period - Jeff Skinner wins face-off versus Jordan Kyrou in NEW YORK Islanders zone.
5:51 of 3rd period - Shot by Alex Debrincat.
5:51 of 3rd period - Stopped by Linus Ullmark without a rebound.
5:52 of 3rd period - Jordan Kyrou wins face-off versus Jeff Skinner in NEW YORK Islanders zone.
6:14 of 3rd period - Shot by Josh Bailey.
6:14 of 3rd period - Deflect By Jeff Skinner.
6:14 of 3rd period - Shot Misses the Net.
6:43 of 3rd period - Shot by Quinn Hughes.
6:43 of 3rd period - Shot Misses the Net.
6:45 of 3rd period - Shot by Mason Marchment.
6:45 of 3rd period - Goal by Mason Marchment - TORONTO Maple Leafs : 3 - NEW YORK Islanders : 0.
6:46 of 3rd period - Christopher Wagner wins face-off versus Brendan Leipsic in neutral zone.
6:53 of 3rd period - Shot by Brady Tkachuk.
6:53 of 3rd period - Stopped by Linus Ullmark with a rebound.
7:27 of 3rd period - Shot by Christopher Wagner.
7:27 of 3rd period - Shot Blocked by Ryan McDonagh .
7:59 of 3rd period - Alex Goligoski is hit by Kyle Palmieri and loses puck.
8:05 of 3rd period - Off-side.
8:06 of 3rd period - Vincent Hinostroza wins face-off versus Jack Mcbain in neutral zone.
8:13 of 3rd period - Shot by Vincent Hinostroza.
8:13 of 3rd period - Goal by Vincent Hinostroza - TORONTO Maple Leafs : 3 - NEW YORK Islanders : 1.
8:14 of 3rd period - Jeff Skinner wins face-off versus Jordan Kyrou in neutral zone.
8:27 of 3rd period - Shot by Anthony Duclair.
8:27 of 3rd period - Shot Misses the Net.
8:35 of 3rd period - Shot by Jonathan Huberdeau.
8:35 of 3rd period - Goal by Jonathan Huberdeau - TORONTO Maple Leafs : 4 - NEW YORK Islanders : 1.
8:36 of 3rd period - Mason Marchment wins face-off versus Nicklas Backstrom in neutral zone.
8:38 of 3rd period - Off-side.
8:39 of 3rd period - Nicklas Backstrom wins face-off versus Jordan Kyrou in neutral zone.
9:09 of 3rd period - Shot by Jonathan Huberdeau.
9:09 of 3rd period - Goal by Jonathan Huberdeau - TORONTO Maple Leafs : 5 - NEW YORK Islanders : 1.
9:10 of 3rd period - Jeff Skinner wins face-off versus Mason Marchment in neutral zone.
9:12 of 3rd period - Off-side.
9:13 of 3rd period - Corey Perry wins face-off versus Jeff Skinner in neutral zone.
9:13 of 3rd period - Corey Perry is hit by Kyle Palmieri.
9:17 of 3rd period - Shot by Mason Marchment.
9:17 of 3rd period - Shot Misses the Net.
9:35 of 3rd period - Minor Penalty to Mason Marchment for Roughing.
9:36 of 3rd period - Jordan Kyrou wins face-off versus Nicklas Backstrom in TORONTO Maple Leafs zone.
9:44 of 3rd period - Icing by Sven Baertschi.
9:45 of 3rd period - Jordan Kyrou wins face-off versus Nicklas Backstrom in NEW YORK Islanders zone.
10:10 of 3rd period - Shot by Kevin Shattenkirk.
10:10 of 3rd period - Stopped by Carter Hart without a rebound.
10:11 of 3rd period - Jeff Skinner wins face-off versus Jordan Kyrou in TORONTO Maple Leafs zone.
10:18 of 3rd period - Shot by Anthony Duclair.
10:18 of 3rd period - Shot Blocked by Sebastian Aho.
10:36 of 3rd period - Shot by Jeff Skinner.
10:36 of 3rd period - Shot Blocked by Alex Goligoski.
10:38 of 3rd period - Shot by Jeff Skinner.
10:38 of 3rd period - Stopped by Carter Hart with a rebound.
10:40 of 3rd period - Shot by Adam Pelech.
10:40 of 3rd period - Shot Misses the Net.
10:42 of 3rd period - Shot by Anthony Duclair.
10:42 of 3rd period - Stopped by Carter Hart without a rebound.
10:43 of 3rd period - Christopher Wagner wins face-off versus Nicklas Backstrom in TORONTO Maple Leafs zone.
11:39 of 3rd period - Jeff Skinner is hit by Drew Doughty and loses puck.
11:52 of 3rd period - Shot by Jakub Vrana.
11:52 of 3rd period - Stopped by Linus Ullmark with a rebound.
11:54 of 3rd period - Shot by Mason Marchment.
11:54 of 3rd period - Shot Misses the Net.
12:43 of 3rd period - Shot by Quinn Hughes.
12:43 of 3rd period - Shot Blocked by Calle Rosen.
12:56 of 3rd period - Dominik Kahun is hit by Calle Rosen and loses puck.
13:01 of 3rd period - Shot by Brady Tkachuk.
13:01 of 3rd period - Shot Misses the Net.
13:10 of 3rd period - Icing by Calle Rosen.
13:11 of 3rd period - Jordan Kyrou wins face-off versus Jeff Skinner in NEW YORK Islanders zone.
13:40 of 3rd period - Shot by Jordan Kyrou.
13:40 of 3rd period - Stopped by Linus Ullmark without a rebound.
13:41 of 3rd period - Mason Marchment wins face-off versus Nicklas Backstrom in NEW YORK Islanders zone.
13:55 of 3rd period - Minor Penalty to Ryan McDonagh for High sticking.
13:56 of 3rd period - Jordan Kyrou wins face-off versus Nicklas Backstrom in NEW YORK Islanders zone.
14:07 of 3rd period - Shot by Jakub Vrana.
14:07 of 3rd period - Shot Misses the Net.
14:09 of 3rd period - Shot by Quinn Hughes.
14:09 of 3rd period - Stopped by Linus Ullmark with a rebound.
14:55 of 3rd period - Shot by Corey Perry.
14:55 of 3rd period - Stopped by Linus Ullmark with a rebound.
14:57 of 3rd period - Shot by Jonathan Huberdeau.
14:57 of 3rd period - Stopped by Linus Ullmark with a rebound.
14:59 of 3rd period - Shot by Jonathan Huberdeau.
14:59 of 3rd period - Shot Misses the Net.
15:01 of 3rd period - Shot by Sebastian Aho.
15:01 of 3rd period - Shot Misses the Net.
15:05 of 3rd period - Shot by Mason Marchment.
15:05 of 3rd period - Shot Misses the Net.
15:07 of 3rd period - Shot by Mason Marchment.
15:07 of 3rd period - Stopped by Linus Ullmark with a rebound.
15:09 of 3rd period - Shot by Sebastian Aho.
15:09 of 3rd period - Shot Misses the Net.
15:54 of 3rd period - Calle Rosen is hit by Jordan Kyrou and loses puck.
16:05 of 3rd period - Brady Tkachuk is hit by Ryan McDonagh and loses puck.
16:24 of 3rd period - Shot by Dominik Kahun.
16:24 of 3rd period - Shot Blocked by Ryan McDonagh .
16:34 of 3rd period - Shot by Dominik Kahun.
16:34 of 3rd period - Stopped by Linus Ullmark without a rebound.
16:35 of 3rd period - Jack Mcbain wins face-off versus Josh Bailey in NEW YORK Islanders zone.
16:36 of 3rd period - Shot by Derick Brassard.
16:36 of 3rd period - Stopped by Linus Ullmark without a rebound.
16:37 of 3rd period - Jack Mcbain wins face-off versus Josh Bailey in NEW YORK Islanders zone.
16:40 of 3rd period - Shot by Jordan Kyrou.
16:40 of 3rd period - Stopped by Linus Ullmark without a rebound.
16:41 of 3rd period - Jeff Skinner wins face-off versus Jordan Kyrou in NEW YORK Islanders zone.
16:48 of 3rd period - Shot by Jeff Skinner.
16:48 of 3rd period - Stopped by Carter Hart without a rebound.
16:49 of 3rd period - Jordan Kyrou wins face-off versus Jeff Skinner in TORONTO Maple Leafs zone.
17:07 of 3rd period - Kyle Palmieri is hit by Jake Muzzin and loses puck.
17:29 of 3rd period - Jeff Skinner is hit by Jake Muzzin.
17:51 of 3rd period - Shot by Mason Marchment.
17:51 of 3rd period - Shot Misses the Net.
17:53 of 3rd period - Shot by Jakub Vrana.
17:53 of 3rd period - Shot Blocked by Calle Rosen.
17:55 of 3rd period - Shot by Sebastian Aho.
17:55 of 3rd period - Stopped by Linus Ullmark with a rebound.
18:19 of 3rd period - Mason Marchment is hit by Jeff Skinner and loses puck.
19:19 of 3rd period - Off-side.
19:20 of 3rd period - Jordan Kyrou wins face-off versus Josh Bailey in neutral zone.
19:20 of 3rd period - Jonathan Huberdeau is hit by Ilya Mikheyev and loses puck.
19:25 of 3rd period - Shot by Josh Bailey.
19:25 of 3rd period - Shot Misses the Net.
19:41 of 3rd period - Jordan Kyrou is hit by Ilya Mikheyev and loses puck.
Goals for this period are 3 for TORONTO Maple Leafs vs 1 for NEW YORK Islanders.
Shots for this period are 18 for TORONTO Maple Leafs vs 9 for NEW YORK Islanders.